 Dungeon Crawl Stone Soup version 0.30-b1-2-g02819fbbbe (webtiles) character file.

Game seed: 2689737628785572649

11384 Mesmaeker13 the Skirmisher (level 12, 0/77 HPs)
             Began as a Kobold Hunter on May 12, 2023.
             Was a Priest of Nemelex Xobeh.
             Slain by a manticore (13 damage)
             ... on level 12 of the Dungeon.
             The game lasted 00:22:45 (13595 turns).

Mesmaeker13 the Skirmisher (Kobold Hunter)         Turns: 13595, Time: 00:22:46

Health: 0/77       AC: 13    Str: 10    XL:     12   Next: 7%
Magic:  17/17      EV: 19    Int: 10    God:    Nemelex Xobeh [***...]
Gold:   672        SH:  0    Dex: 27    Spells: 11/11 levels left

rFire   + . .        s - +10 morningstar of Agony {flame, Dex+5}
rCold   . . .        (no shield)
rNeg    . . .        I - +0 swamp dragon scales
rPois   +            B - +0 helmet
rElec   .            (no cloak)
rCorr   .            r - +1 pair of gloves
SInv    +            D - +0 pair of boots
Will    .....        (no amulet)
Stlth   ++++++       L - ring of see invisible
HPRegen 0.32/turn    E - ring of protection from fire
MPRegen 0.15/turn

%: no passive effects
@: no status effects
A: small, no large weapons, nightstalker 3
a: Renounce Religion, Draw Escape, Draw Destruction, Draw Summoning, Triple Draw


You were on level 12 of the Dungeon.
You worshipped Nemelex Xobeh.
Nemelex Xobeh was most pleased with you.
You visited 2 branches of the dungeon, and saw 13 of its levels.

You collected 672 gold pieces.

Inventory:

Hand Weapons
 a - a +0 shortbow
 s - the +10 morningstar of Agony (weapon) {flame, Dex+5}
   (You took it off an orc on level 8 of the Dungeon)

   Dex:       It affects your dexterity (+5).
Missiles
 A - 2 throwing nets (quivered)
 G - a curare-tipped dart
Armour
 r - a +1 pair of gloves (worn)
 B - a +0 helmet (worn)
 D - a +0 pair of boots (worn)
 F - a +2 robe of fire resistance
 I - +0 swamp dragon scales (worn)
 Q - a +0 troll leather armour
Jewellery
 m - an amulet of faith
 t - a +5 ring of evasion
 E - a ring of protection from fire (right hand)
 L - a ring of see invisible (left hand)
Wands
 c - a wand of digging (5)
 h - a wand of charming (6)
 J - a wand of roots (7)
 M - a wand of mindburst (13)
 P - a wand of flame (19)
Scrolls
 b - 3 scrolls of magic mapping
 g - a scroll of torment {unknown}
 i - 4 scrolls of teleportation
 j - 2 scrolls of enchant weapon
 l - 3 scrolls of amnesia
 o - a scroll of fear
 v - 2 scrolls of poison {unknown}
 w - a scroll of fog
 y - 2 scrolls of vulnerability {unknown}
 H - a scroll of acquirement {unknown}
 K - a scroll of blinking
 N - a scroll of enchant armour {unknown}
 O - 2 scrolls of immolation
 R - a scroll of identify
Potions
 d - 3 potions of curing
 e - 2 potions of heal wounds {unknown}
 f - 2 potions of flight
 k - a potion of degeneration {unknown}
 n - 3 potions of mutation
 p - a potion of might
 q - 2 potions of brilliance {unknown}
 u - 3 potions of attraction
 x - 2 potions of haste
 z - a potion of ambrosia {unknown}
 C - a potion of resistance {unknown}


   Skills:
 + Level 9.7 Fighting
 + Level 12.3 Ranged Weapons
 + Level 4.8 Armour
 - Level 7.7 Dodging
 + Level 12.0 Stealth
 + Level 7.4 Invocations


You had 11 spell levels left.
You didn't know any spells.
Your spell library contained the following spells:

 Spells                   Type           Power      Damage    Failure   Level
 Apportation              Tloc           0%         N/A       65%         1
 Beastly Appendage        Tmut           0%         N/A       65%         1
 Necrotise                Necr           0%         1d4       65%         1
 Summon Small Mammal      Summ           0%         N/A       65%         1
 Cigotuvi's Dreadful Rot  Necr/Pois/Air  0%         N/A       80%         2
 Wereblood                Tmut           0%         N/A       80%         2
 Call Canine Familiar     Summ           0%         N/A       95%         3
 Ignite Poison            Fire/Tmut/Pois 0%         N/A       95%         3
 Portal Projectile        Hex/Tloc       0%         N/A       95%         3
 Spider Form              Tmut/Pois      0%         N/A       95%         3
 Vhi's Electric Charge    Tloc/Air       0%         N/A       95%         3
 Leda's Liquefaction      Hex/Erth       0%         N/A       100%        4
 Summon Lightning Spire   Summ/Air       0%         N/A       100%        4
 Arcjolt                  Conj/Air       0%         1d10      100%        5
 Freezing Cloud           Conj/Ice/Air   0%         6-21      100%        5
 Storm Form               Tmut/Air       0%         N/A       100%        7
 Maxwell's Capacitive Co  Air            0%         ∞         100%        8


Dungeon Overview and Level Annotations

Branches:
Dungeon (12/15)            Temple (1/1) D:4             Orc (0/2) D:10
   Lair: D:8-11

Altars:
Ashenzari
Cheibriados
Dithmenos
Elyvilon
Fedhas
Gozag
Hepliaklqana
Kikubaaqudgha
Makhleb
Nemelex Xobeh
Okawaru
Qazlal
Ru
Sif Muna
Trog
Uskayaw
Vehumet
Wu Jian
Xom
Yredelemnul
Zin
The Shining One

Annotations:
D:8 3 runed translucent doors, Flugkiller's ghost, novice MiFi; dakkaduck's ghost, novice MiBe
D:10 1 exclusion


Innate Abilities, Weirdness & Mutations

You are small and have problems with some larger weapons.
You are completely attuned to the shadows.


Message History

The yak is almost dead.
The yak gores you!
You hit the yak. You burn the yak.
You kill the yak!
The manticore completely misses you.
The manticore claws you but does no damage.
The manticore closely misses you.
You barely miss the manticore. The manticore bites you.
The manticore claws you but does no damage.
The manticore misses you.
You sock the manticore! You burn the manticore.
The manticore is moderately wounded.
The manticore closely misses you.
The manticore claws you but does no damage.
The manticore claws you.
The manticore bites you but does no damage.
The manticore completely misses you. x2
You completely miss the manticore.
The manticore is moderately wounded.
The manticore barely misses you. The manticore claws you.
The manticore claws you but does no damage.
You barely miss the manticore.
The manticore is lightly wounded.
The manticore barely misses you. The manticore closely misses you. x2
The manticore bites you! The manticore misses you.
The manticore completely misses you.
You sock the manticore! You burn the manticore.
The manticore is heavily wounded.
The manticore completely misses you. The manticore claws you.
* * * LOW HITPOINT WARNING * * *
The manticore claws you.
* * * LOW HITPOINT WARNING * * *
You puncture the manticore! You burn the manticore!
The manticore is almost dead.
The manticore bites you but does no damage.
The manticore claws you!
* * * LOW HITPOINT WARNING * * *
The manticore misses you. The manticore bites you!
You die...
Your body glows slightly and disappears.

.. ... .#.#+#)..#
.........##########
.........#........Y
....e[..# .........
........# .........
.......#######'####
..........)@HY.....
.############......
######.


You could see a manticore and a yak.

Vanquished Creatures
  A two-headed ogre (D:11)
  An elephant (D:11)
  2 kobold demonologists (D:8)
  Maggie (D:7)
  4 trolls
  Grinder (D:6)
  A wyvern (D:11)
  17 yaks
  3 shadows (D:10)
  A wraith (D:12)
  A steam dragon (D:7)
  An acid dragon (D:11)
  2 water moccasins
  Duvessa (D:5)
  An orc warrior (D:7)
  3 black bears
  A sky beast (D:7)
  3 ice beasts
  An ogre (D:4)
  A wolf (D:7)
  4 centaurs
  4 phantoms
  4 kobold brigands
  A bullfrog (D:8)
  A scorpion (D:4)
  3 gnoll sergeants
  Dowan (D:5)
  6 killer bees
  3 troll zombies (D:10)
  5 howler monkeys
  A hound (D:5)
  A gnoll bouda (D:6)
  4 orc priests
  A jelly (D:5)
  A sleepcap (D:4)
  6 iguanas
  Ijyb (D:3)
  4 orc wizards
  3 ogre zombies (D:10)
  Robin (D:3)
  15 gnolls
  6 adders
  A white imp (D:6)
  An ufetubus (D:6)
  4 dart slugs
  28 orcs
  3 bats
  An endoplasm (D:2)
  4 giant cockroaches
  6 goblins
  12 hobgoblins
  4 jackals (D:2)
  5 quokkas
  4 ball pythons
  3 frilled lizards
  3 hobgoblin zombies (D:10)
  24 kobolds
  3 orc skeletons (D:10)
  13 orc zombies (D:10)
  5 rats
247 creatures vanquished.

Vanquished Creatures (collateral kills)
  A deep elf pyromancer (D:12)
  An orc wizard (D:7)
  An orc (D:7)
3 creatures vanquished.

Vanquished Creatures (others)
  A kobold demonologist (D:8)
  An orc warrior (D:3)
  3 fungi
  4 plants (D:11)
9 creatures vanquished.

Grand Total: 259 creatures vanquished

Notes
Turn   | Place    | Note
-------+----------+-------------------------------------------
     0 | D:1      | Mesmaeker13 the Kobold Hunter began the quest for the Orb.
     0 | D:1      | Reached XP level 1. HP: 12/12 MP: 1/1
   227 | D:1      | Reached XP level 2. HP: 18/18 MP: 2/2
   561 | D:1      | Found a faded altar of an unknown god.
  1033 | D:2      | Reached XP level 3. HP: 22/22 MP: 3/3
  1345 | D:2      | Reached XP level 4. HP: 28/28 MP: 4/4
  2030 | D:3      | Noticed Robin
  2090 | D:3      | Found an iron altar of Okawaru.
  2135 | D:3      | Noticed an orc warrior
  2202 | D:3      | Reached XP level 5. HP: 32/32 MP: 5/5
  2405 | D:4      | Found an ancient bone altar of Kikubaaqudgha.
  2487 | D:4      | Noticed an ogre
  2526 | D:3      | Noticed Ijyb
  2605 | D:3      | Killed Ijyb
  2606 | D:3      | Reached XP level 6. HP: 38/38 MP: 6/6
  2671 | D:3      | Killed Robin
  2843 | D:4      | Killed an ogre
  2949 | D:4      | Found a shimmering altar of Xom.
  2949 | D:4      | Found a shimmering altar of Xom.
  3075 | D:4      | Reached XP level 7. HP: 22/44 MP: 7/7
  3359 | D:4      | Found a staircase to the Ecumenical Temple.
  3365 | Temple   | Entered the Ecumenical Temple
  3383 | Temple   | Became a worshipper of Nemelex Xobeh the Trickster
  3503 | D:4      | Found a glowing silver altar of Zin.
  3598 | D:4      | Found an opulent altar of Gozag.
  3697 | D:5      | Entered Level 5 of the Dungeon
  3741 | D:5      | Noticed Duvessa
  3767 | D:5      | Noticed Dowan
  3916 | D:5      | Reached skill level 5 in Dodging
  3916 | D:5      | Reached skill level 5 in Stealth
  3971 | D:5      | Noticed a water moccasin
  3986 | D:5      | Killed a water moccasin
  4005 | D:4      | Reached skill level 5 in Fighting
  4005 | D:4      | Reached XP level 8. HP: 23/49 MP: 8/8
  4459 | D:5      | Killed Dowan
  4480 | D:5      | Killed Duvessa
  4893 | D:5      | Found a hazy altar of Hepliaklqana.
  5292 | D:6      | Noticed Grinder
  5362 | D:5      | Reached skill level 1 in Invocations
  5362 | D:5      | Reached XP level 9. HP: 7/55 MP: 9/9
  5827 | D:6      | Reached * piety under Nemelex Xobeh
  5870 | D:6      | Noticed a +0 spear
  5870 | D:6      | Noticed a +0 short sword
  5872 | D:6      | Noticed a +0 dagger
  5872 | D:6      | Noticed a +0 falchion
  5873 | D:6      | Noticed a +0 dagger
  5873 | D:6      | Noticed a +0 spear
  5873 | D:6      | Noticed a +0 short sword
  5874 | D:6      | Noticed a +0 falchion
  6632 | D:6      | Found a hide-covered altar of Uskayaw.
  6839 | D:7      | Found a basalt altar of Yredelemnul.
  6840 | D:7      | Found a burning altar of Makhleb.
  6841 | D:7      | Found a bloodstained altar of Trog.
  6845 | D:7      | Found a blossoming altar of Fedhas.
  6992 | D:7      | Received a gift from Nemelex Xobeh
  7155 | D:7      | Noticed Maggie
  7177 | D:7      | Killed Maggie
  7841 | D:7      | Reached XP level 10. HP: 43/63 MP: 12/12
  8007 | D:6      | Killed Grinder
  8008 | D:6      | Reached skill level 10 in Ranged Weapons
  8008 | D:6      | Reached skill level 1 in Armour
  8361 | D:3      | Found a stormy altar of Qazlal.
  8444 | D:3      | Reached ** piety under Nemelex Xobeh
  8679 | D:3      | Received a gift from Nemelex Xobeh
  8804 | D:8      | Noticed a kobold demonologist
  8809 | D:8      | Noticed a kobold demonologist
  8821 | D:8      | Killed a kobold demonologist
  8822 | D:8      | Killed a kobold demonologist
  8827 | D:8      | Noticed a kobold demonologist
  8837 | D:8      | Noticed an orange demon
  8838 | D:8      | Killed a kobold demonologist
  9210 | D:8      | Identified the +10 morningstar of Agony {flame, Dex+5}
  9387 | D:8      | Reached skill level 5 in Invocations
  9527 | D:8      | Received a gift from Nemelex Xobeh
  9795 | D:8      | Found a runed translucent gate.
  9795 | D:8      | Found a runed translucent gate.
  9795 | D:8      | Found a runed translucent gate.
  9797 | D:8      | Noticed dakkaduck's ghost (novice MiBe)
  9797 | D:8      | Noticed Flugkiller's ghost (novice MiFi)
 10095 | D:8      | Reached skill level 10 in Stealth
 10617 | D:9      | Reached XP level 11. HP: 69/69 MP: 15/15
 10882 | D:9      | Reached *** piety under Nemelex Xobeh
 11033 | D:10     | Entered Level 10 of the Dungeon
 11044 | D:10     | Noticed a two-headed ogre
 11056 | D:10     | Received a gift from Nemelex Xobeh
 11077 | D:10     | Banished a two-headed ogre
 12322 | D:10     | Found a staircase to the Orcish Mines.
 12463 | D:10     | Found a sacrificial altar of Ru.
 12919 | D:11     | Noticed an elephant
 12931 | D:11     | Killed an elephant
 12983 | D:11     | Noticed a two-headed ogre
 13311 | D:11     | Killed a two-headed ogre
 13389 | D:11     | Noticed a fire dragon
 13389 | D:11     | Noticed a manticore
 13439 | D:12     | Noticed a deep elf pyromancer
 13450 | D:12     | Killed a deep elf pyromancer
 13552 | D:12     | Reached XP level 12. HP: 73/76 MP: 17/17
 13595 | D:12     | Slain by a manticore

Illustrated notes

Levels and vault maps discovered:
D:1:      matt_arrival_los_fun, layout_basic, hellmonk_ecumenical_altar_zigzags
D:2:      layout_loops_ring
D:3:      layout_basic, okawaru_ov_weapons_minmay, grunt_qazlal_clouds,
          nicolae_goblin_pals
D:4:      layout_rooms, lemuel_crystal_altar, xom_redecorated,
          lemuel_coloured_pillars_altar,
          mainiacjoe_overflow_concentric_impassable, lemuel_temple_firewalk_b,
          nicolae_nh_ransacked_shop
D:5:      layout_cave_pools, nicolae_hepliaklqana_hippocampus,
          minmay_misc_feat_plants, uniq_duvessa
D:6:      layout_cave_pools, nicolae_uskayaw_en_pointe, uniq_grinder
D:7:      layout_loops_corners, minitemple, uniq_maggie
D:8:      layout_loops_ring, gammafunk_ghost_cemetery
D:9:      layout_cave_pools
D:10:     layout_irregular_city, nicolae_ru_awakened_eye, zombieorc1_lemuel,
          minivault_5
D:11:     layout_roguey, david_lair_generic, minmay_shattered_shrine
D:12:     layout_basic
Temple:   hellmonk_temple_rainy

Skill      XL: |  1  2  3  4  5  6  7  8  9 10 11 12 |
---------------+-------------------------------------+-----
Dodging        | 3 4 5 6 7 |  7.7
Stealth        | 2 3 4 5 7 8 10 11 12 | 12.0
Fighting       | 3 4 5 6 7 8 9 |  9.7
Ranged Weapons | 6 7 8 9 11 12 | 12.3
Invocations    | 1 3 5 7 |  7.4
Armour         | 3 4 |  4.8

Action                     |  1- 3 |  4- 6 |  7- 9 | 10-12 || total
---------------------------+-------+-------+-------+-------++-------
  Melee: Unarmed           |       |    12 |       |       ||    12
         Dagger            |       |    33 |   126 |     9 ||   168
         Hand axe          |       |       |   106 |    43 ||   149
         Punch             |       |       |     5 |     5 ||    10
         Morningstar       |       |       |       |   224 ||   224
   Fire: Shortbow          |    71 |   126 |   170 |   160 ||   527
  Throw: Dart              |       |       |     2 |       ||     2
 Invoke: Draw Destruction  |       |       |     3 |     6 ||     9
         Draw Summoning    |       |       |     1 |     1 ||     2
         Triple Draw       |       |       |       |     2 ||     2
         Draw Escape       |       |       |       |     1 ||     1
  Evoke: Wand              |       |       |       |     3 ||     3
    Use: Scroll            |       |     4 |     7 |     5 ||    16
         Potion            |       |     2 |     6 |       ||     8
   Stab: Sleeping          |       |       |       |     3 ||     3
         Distracted        |       |       |       |     2 ||     2
 Armour: Leather armour    |     4 |    20 |    21 |       ||    45
         Skin              |       |     3 |    12 |       ||    15
         Robe              |       |       |    29 |       ||    29
         Swamp dragon scal |       |       |     2 |   117 ||   119
  Dodge: Dodged            |    28 |   113 |   421 |   452 ||  1014
